[Event "Go-Makkah Chess Festival 2020"]
[Site "Djerba"]
[Date "2020.02.22"]
[Round "8.1"]
[White "Zaibi, Amir"]
[Black "Oussedik, Mahfoud"]
[Result "1/2-1/2"]
[ECO "A28"]
[WhiteElo "2402"]
[BlackElo "2423"]
[Annotator "ChessBase"]
[PlyCount "42"]
[EventDate "2020.02.16"]
[EventType "swiss"]
[EventCountry "TUN"]
[SourceTitle "playchess.com"]
[Source "ChessBase"]
[SourceQuality "1"]
[TimeControl "5400+30"]

1. c4 e5 2. Nc3 Nf6 3. Nf3 Nc6 4. e4 Bc5 5. Nxe5 O-O 6. Nf3 Re8 7. d3 Ng4 8. d4 Nxd4 9. Nxd4 Nxf2 10. Kxf2 Qf6+ 11. Ke3 d5 12. Nxd5 Qe5 13. Kd2 Bxd4 14. Kc2 c6 15. Nc7 Qxe4+ 16. Bd3 Qxg2+ 17. Bd2 Be3 18. Nxe8 Bg4 19. Nf6+ gxf6 20. Qe1 Re8 21. Rg1 Bxg1 1/2-1/2